[Event "Titled Tuesday Blitz March 08 Early 2022"]
[White "Hoffmann, Asa"]
[Black "Levin, Anthony"]
[WhiteFideId "2001470"]
[BlackFideId "30940680"]
[WhiteElo "2117"]
[BlackElo "1864"]
[Result "1-0"]
[Round "02"]
[TimeControl "180+1"]
[Date "2022.03.09"]
[WhiteClock "0:00:38"]
[BlackClock "0:00:03"]

1. d4 Nf6 2. Bg5 g6 3. Nc3 d5 4. f3 Bf5 5. Bxf6 exf6 6. e4 Be6 7. exd5 Bxd5 8. Nxd5 Qxd5 9. c3 Bh6 10. Qb3 Qxb3 11. axb3 O-O 12. Kf2 Re8 13. g3 Nd7 14. f4 f5 15. Bg2 c6 16. Nf3 Nf6 17. Ne5 Ne4+ 18. Bxe4 fxe4 19. Rhe1 f6 20. Nd7 Kf7 21. Nc5 f5 22. Nxb7 Bf8 23. b4 Reb8 24. Nc5 a5 25. Nd7 Rb5 26. Ne5+ Ke6 27. Nxc6 a4 28. c4 Rb6 29. d5+ Kf7 30. b5 Bc5+ 31. Ke2 a3 32. bxa3 Ra4 33. Rec1 Bxa3 34. Rc3 Bb2 35. Rxa4 Bxc3 36. Ra7+ Kf6 37. d6 Bd4 38. d7 1-0


[Site "https://www.chess.com"]

[Event "Titled Tuesday Blitz March 08 Early 2022"]
[White "Hryshchenko, Kamila"]
[Black "Blohberger, Felix"]
[WhiteFideId "14147491"]
[BlackFideId "1632051"]
[WhiteElo "1929"]
[BlackElo "2474"]
[Result "0-1"]
[Round "02"]
[TimeControl "180+1"]
[Date "2022.03.09"]
[WhiteClock "0:00:06"]
[BlackClock "0:00:55"]

1. e4 Nf6 2. e5 Nd5 3. d4 d6 4. c4 Nb6 5. exd6 exd6 6. Nc3 Be7 7. Nf3 Bf5 8. Be2 O-O 9. O-O Bf6 10. Be3 Re8 11. Rc1 Nc6 12. a3 d5 13. c5 Nc4 14. Bxc4 dxc4 15. d5 Na5 16. Nd4 Bd3 17. Re1 Bxd4 18. Bxd4 Rxe1+ 19. Qxe1 Nb3 20. Qe5 Qf6 21. Re1 Qxe5 22. Bxe5 Re8 23. Re3 Nxc5 24. Bxc7 Rxe3 25. fxe3 f6 26. Bb8 a6 27. Ba7 Nd7 28. Bd4 b5 29. e4 Kf7 30. Kf2 Ke7 31. Ke3 Bf1 32. g3 Kd6 33. Ba7 Nc5 34. Bb8+ Kd7 35. h4 Nd3 36. Nd1 h5 37. Kd4 Nc1 38. Nc3 Bh3 39. e5 Nb3+ 40. Ke4 Bg2+ 41. Kf4 fxe5+ 42. Kxe5 Nc5 43. Kf5 Nd3 44. Nd1 Bxd5 45. Kg6 Bf3 46. Nc3 Nxb2 47. Kxg7 Ke6 48. Bc7 Nd1 49. Kg6 Nxc3 0-1


[Site "https://www.chess.com"]

[Event "Titled Tuesday Blitz March 08 Early 2022"]
[White "Hua, Lefong"]
[Black "Lashkin, Jegor"]
[WhiteFideId "2602253"]
[BlackFideId "13907808"]
[WhiteElo "2610"]
[BlackElo "2344"]
[Result "1/2-1/2"]
[Round "02"]
[TimeControl "180+1"]
[Date "2022.03.08"]
[WhiteClock "0:00:40"]
[BlackClock "0:00:08"]

1. d4 Nf6 2. c4 e6 3. Nc3 Bb4 4. f3 c5 5. d5 O-O 6. e4 b5 7. e5 Ne8 8. f4 exd5 9. cxd5 d6 10. Nf3 c4 11. a4 Nd7 12. Be2 Qb6 13. Bd2 Nc7 14. Nxb5 Bxd2+ 15. Qxd2 Nxb5 16. axb5 dxe5 17. fxe5 Bb7 18. e6 Nf6 19. Qd4 Qxb5 20. Bxc4 Qb4+ 21. Qc3 Qxc3+ 22. bxc3 Bxd5 23. exf7+ Rxf7 24. Bxd5 Nxd5 25. O-O Nxc3 26. Ra3 Ne2+ 27. Kf2 Nd4 28. Rd1 Nxf3 29. gxf3 a5 30. Rd5 a4 31. Rd4 Rfa7 32. Re4 h6 33. h4 Ra5 34. Kg3 Kf7 35. Kg4 R8a6 36. Kg3 Kg6 37. Kg4 Kf6 38. Kg3 h5 39. Kf2 Kf5 40. Kg3 Kg6 41. Kg2 Kh6 42. Kg3 g5 43. hxg5+ Rxg5+ 44. Kh3 Rga5 45. Kh4 Kg6 46. Kh3 Kf7 47. Kh4 Kf6 48. Kh3 Kg5 49. Kg3 Ra7 50. Kh3 R7a6 51. Kg3 Kg6 52. Kh3 Kf6 53. Kg3 Kf7 54. Kh3 Ra8 55. Kg3 Rg8+ 56. Kf2 Rga8 57. Kg3 R8a7 58. Kh3 Kf6 59. Kg3 R7a6 60. Kh3 Kg6 61. Kg3 Rg5+ 62. Kf2 Rga5 63. Kg3 Kh7 64. Kh3 Kg8 65. Kg3 Kf7 66. Kh3 Kf8 67. Kg3 Kg7 68. Kh3 Kh7 69. Kg3 Kh6 70. Kh3 Kg5 1/2-1/2


[Site "https://www.chess.com"]

[Event "Titled Tuesday Blitz March 08 Early 2022"]
[White "Ianov, Viktor"]
[Black "Vakhlamov, Igor L."]
[WhiteFideId "14102730"]
[BlackFideId "24126748"]
[WhiteElo "2161"]
[BlackElo "2401"]
[Result "0-1"]
[Round "02"]
[TimeControl "180+1"]
[Date "2022.03.09"]
[WhiteClock "0:00:18"]
[BlackClock "0:00:10"]

1. Nf3 Nf6 2. g3 g6 3. b3 Bg7 4. Bb2 O-O 5. Bg2 c5 6. c4 Nc6 7. O-O d6 8. d4 cxd4 9. Nxd4 Bd7 10. Nc2 Qc8 11. Re1 a6 12. Nc3 Bh3 13. Bh1 Qg4 14. Ne3 Qh5 15. Qd2 Bh6 16. Bf3 Bg4 17. Bg2 Rfd8 18. Rad1 Rac8 19. Ncd5 Nxd5 20. Bxd5 Be6 21. Qc3 Ne5 22. Bxb7 Bxe3 23. fxe3 Rc7 24. Bg2 f6 25. Rd4 g5 26. h4 h6 27. Qd2 Rdc8 28. Re4 Bf5 29. Rd4 Bd7 30. e4 Be6 31. hxg5 hxg5 32. Qe3 Kg7 33. Bf3 Qh3 34. Qf2 Rh8 35. Bg2 Qh2+ 36. Kf1 Bh3 37. Bxh3 Qh1+ 38. Qg1 Rxh3 39. Rdd1 Qxe4 40. Bxe5 fxe5 41. Qg2 Qg4 42. Kf2 Rc8 43. Rg1 Rch8 44. Rd3 Rh2 45. Rf3 Rxg2+ 46. Rxg2 e4 47. Re3 Rh1 48. Rg1 Rh2+ 49. Rg2 Rxg2+ 50. Kxg2 e6 51. Kf2 d5 52. cxd5 exd5 53. Rc3 d4 54. Rc7+ Kg8 55. Rc6 e3+ 56. Kf1 Qxg3 57. Rf6 Kg7 58. Rf5 Qc7 59. Kg2 Kg6 60. Rf3 Qc6 61. Kg3 Qd6+ 62. Kg2 Qd5 63. Kg3 Qe5+ 64. Kg2 Qe4 65. Kg3 d3 66. exd3 Qxd3 0-1


[Site "https://www.chess.com"]

[Event "Titled Tuesday Blitz March 08 Early 2022"]
[White "Iljin, Timofey"]
[Black "Johnson, Ben"]
[WhiteFideId "14110180"]
[BlackFideId "2010917"]
[WhiteElo "2396"]
[BlackElo "2202"]
[Result "1-0"]
[Round "02"]
[TimeControl "180+1"]
[Date "2022.03.09"]
[WhiteClock "0:00:48"]
[BlackClock "0:00:01"]

1. e4 c5 2. c3 Nf6 3. e5 Nd5 4. d4 cxd4 5. cxd4 Nc6 6. Nf3 d6 7. Bc4 Nb6 8. Bxf7+ Kxf7 9. e6+ Kxe6 10. Ng5+ Kd7 11. Nf7 Qe8 12. Nxh8 g6 13. a4 Bg7 14. d5 Nd4 15. Be3 Qxh8 16. O-O Nxd5 17. Bc1 Kc7 18. Na3 a6 19. Be3 Bf5 20. Rc1+ Kd7 21. Nc4 Rc8 22. Bxd4 Bxd4 23. Qb3 Rc7 24. Rfd1 Nb6 25. Nxb6+ Bxb6 26. Qxb6 Qc8 27. Qe3 Rc4 28. b3 Rxc1 29. Rxc1 Qb8 30. Qd4 e5 31. Qd5 Be6 32. Qf3 d5 33. Qf6 Qd6 34. Qg7+ Kd8 35. Qh8+ 1-0


[Site "https://www.chess.com"]

[Event "Titled Tuesday Blitz March 08 Early 2022"]
[White "Istvanovszki, Martin"]
[Black "Rosenberg, Evan S"]
[WhiteFideId "726958"]
[BlackFideId "2019299"]
[WhiteElo "2345"]
[BlackElo "2286"]
[Result "1-0"]
[Round "02"]
[TimeControl "180+1"]
[Date "2022.03.09"]
[WhiteClock "0:00:40"]
[BlackClock "0:00:02"]

1. e4 e5 2. d4 exd4 3. Qxd4 Nc6 4. Qe3 Nf6 5. Nc3 Bb4 6. Bd2 O-O 7. O-O-O Re8 8. Qg3 Nxe4 9. Nxe4 Rxe4 10. c3 Bd6 11. f4 Qf6 12. Nh3 Ne7 13. Bd3 Ra4 14. Bb1 Ng6 15. Rde1 b6 16. Re8+ Bf8 17. f5 Bb7 18. Rxa8 Bxa8 19. fxg6 hxg6 20. Re1 Bd5 21. Ng5 Be6 22. a3 Bd6 23. Qf3 Qxf3 24. Nxf3 Rg4 25. g3 a5 26. Nd4 b5 27. Nxb5 1-0


[Site "https://www.chess.com"]

[Event "Titled Tuesday Blitz March 08 Early 2022"]
[White "Izoria, Zviad"]
[Black "Skliarov, Viktor"]
[WhiteFideId "13601733"]
[BlackFideId "14106736"]
[WhiteElo "2626"]
[BlackElo "2229"]
[Result "1-0"]
[Round "02"]
[TimeControl "180+1"]
[Date "2022.03.08"]
[WhiteClock "0:00:13"]
[BlackClock "0:00:07"]

1. Nf3 g6 2. e4 c5 3. c4 Bg7 4. d4 cxd4 5. Nxd4 Nc6 6. Be3 Nf6 7. Nc3 Ng4 8. Qxg4 Nxd4 9. Qd1 Ne6 10. Rc1 Qa5 11. Qd2 d6 12. Be2 b6 13. O-O Bb7 14. Rfd1 Bxc3 15. Rxc3 Bxe4 16. Bh6 g5 17. Re1 Qf5 18. Re3 Bc6 19. Bd3 Qf6 20. Rxe6 fxe6 21. Bxg5 Qf7 22. Qe3 e5 23. f4 O-O-O 24. Be4 Kc7 25. fxe5 Rhg8 26. exd6+ Rxd6 27. Bf4 Qg7 28. Bxd6+ exd6 29. Bxc6 Kxc6 30. Qe4+ Kc7 31. b3 Rd8 32. Qe7+ Rd7 33. Qxg7 Rxg7 34. Re6 a5 35. Rh6 Kc6 36. Rh5 Rf7 37. g3 Kc7 38. a4 Kc6 39. Kg2 Kc7 40. g4 Kc6 41. h3 Kc7 42. Kg3 Kc6 43. h4 Kc7 44. Rb5 Kc6 45. g5 Rf1 46. Kg4 Rh1 47. h5 Rg1+ 48. Kf5 Rh1 49. h6 Rf1+ 50. Ke6 Rf3 51. Rf5 Rxb3 52. Kf7 Rc3 53. Kg7 Rxc4 54. Kxh7 Rxa4 55. g6 Rg4 56. g7 a4 57. g8=Q Rxg8 58. Kxg8 a3 59. Rf1 a2 60. h7 b5 61. Ra1 1-0


[Site "https://www.chess.com"]

[Event "Titled Tuesday Blitz March 08 Early 2022"]
[White "Jakubowska, Anna"]
[Black "Alavi, Sayed Javad"]
[WhiteFideId "1121952"]
[BlackFideId "12500607"]
[WhiteElo "1924"]
[BlackElo "2475"]
[Result "0-1"]
[Round "02"]
[TimeControl "180+1"]
[Date "2022.03.09"]
[WhiteClock "0:01:20"]
[BlackClock "0:01:35"]

1. e4 c5 2. Nc3 e6 3. g3 d5 4. exd5 exd5 5. d4 cxd4 6. Qxd4 Nf6 7. Bg5 Be7 8. O-O-O Nc6 9. Bb5 O-O 10. Qd2 Qa5 11. Nf3 d4 12. Nxd4 Nxd4 13. Qxd4 a6 14. Bc4 Qxg5+ 15. f4 Qc5 16. Qe4 0-1


[Site "https://www.chess.com"]

[Event "Titled Tuesday Blitz March 08 Early 2022"]
[White "Jakubowski, Krzysztof"]
[Black "Bortnyk, Olexandr"]
[WhiteFideId "1112848"]
[BlackFideId "14120828"]
[WhiteElo "2365"]
[BlackElo "2723"]
[Result "0-1"]
[Round "02"]
[TimeControl "180+1"]
[Date "2022.03.08"]
[WhiteClock "0:00:01"]
[BlackClock "0:00:03"]

1. e4 Nf6 2. e5 Nd5 3. c4 Nb6 4. d4 d6 5. exd6 exd6 6. Nc3 Be7 7. h3 O-O 8. Nf3 Nc6 9. Bd3 Bf6 10. O-O Re8 11. b3 h6 12. Be3 Ne7 13. Qc2 d5 14. c5 Nd7 15. b4 c6 16. a4 Nf8 17. Rfe1 Nfg6 18. Ne2 Be6 19. Ng3 Nh4 20. Nh2 Neg6 21. Nh5 Bd7 22. g3 Bxh3 23. gxh4 Nxh4 24. Bf4 Bxd4 25. Rad1 Rxe1+ 26. Rxe1 Qd7 27. Bg3 Nf5 28. Nf3 Nxg3 29. Nxg3 Bf6 30. Bf5 Bxf5 31. Qxf5 Qxf5 32. Nxf5 Bc3 33. Rb1 a5 34. b5 Bb4 35. Rc1 Kf8 36. N3d4 cxb5 37. axb5 a4 38. c6 bxc6 39. bxc6 a3 40. c7 Rc8 41. Nb5 a2 42. Ra1 g6 43. Nfd4 Ba5 44. Rxa2 Bxc7 45. Kg2 Be5 46. Ra7 Bxd4 47. Nxd4 Rc4 48. Nf3 Rf4 49. Kg3 Rf5 50. Nd4 Re5 51. Nc6 Re6 52. Nd4 Re4 53. Nf3 h5 54. Rd7 Rg4+ 55. Kh3 Rf4 56. Kg3 Rf5 57. Nd4 Rg5+ 58. Kf3 Ke8 59. Ra7 h4 60. Ne2 Kf8 61. Nf4 Rf5 62. Ra8+ Kg7 63. Kg4 d4 64. Nh3 Rd5 65. Ra2 d3 66. Rd2 Rd4+ 67. Kf3 g5 68. Ke3 Rd5 69. Rxd3 Rf5 70. Ke2 g4 71. Ng1 Kg6 72. Rd8 Ra5 73. Kf1 h3 74. Rg8+ Kf5 75. Nxh3 gxh3 76. Kg1 Ra3 77. Rh8 Kg4 78. Rg8+ Kf4 79. Rh8 f5 80. Rh4+ Kg5 81. Rb4 Ra2 82. Rc4 f4 83. Kh2 Kg4 84. Kg1 Rb2 85. Rc3 Rb1+ 86. Kh2 Rf1 0-1


[Site "https://www.chess.com"]

[Event "Titled Tuesday Blitz March 08 Early 2022"]
[White "Jary, Sergey"]
[Black "Jumabayev, Rinat"]
[WhiteFideId "14110350"]
[BlackFideId "13702661"]
[WhiteElo "2260"]
[BlackElo "2561"]
[Result "1-0"]
[Round "02"]
[TimeControl "180+1"]
[Date "2022.03.08"]
[WhiteClock "0:00:59"]
[BlackClock "0:00:15"]

1. e4 e6 2. d4 d5 3. Nd2 c5 4. Ngf3 cxd4 5. exd5 Qxd5 6. Bc4 Qd7 7. O-O a6 8. a4 Nc6 9. Qe2 Nf6 10. Rd1 Qc7 11. Nb3 Be7 12. Nbxd4 Bd7 13. c3 Rc8 14. Ba2 O-O 15. Bg5 h6 16. Bh4 Rfe8 17. h3 Nh5 18. Bxe7 Rxe7 19. Qe3 e5 20. Ne2 Rce8 21. Nd2 Nf4 22. Nc4 Be6 23. Nxf4 exf4 24. Qc5 f3 25. g3 Bxh3 26. b4 Be6 27. b5 Bxc4 28. Qxc4 Ne5 29. Qxc7 Rxc7 30. Bd5 axb5 31. axb5 b6 32. c4 Kf8 33. Re1 Nxc4 34. Rxe8+ Kxe8 35. Rc1 Rc5 36. Bxc4 Kf8 37. Rc2 g5 38. g4 f5 39. gxf5 Rxf5 40. Bf1 Rf6 41. Rc6 Ke7 42. Kh2 h5 43. Kg3 g4 44. Rxf6 Kxf6 45. Kh4 Ke5 46. Kxh5 Kf4 47. Kh4 Kf5 48. Kg3 Ke5 49. Bd3 Kd4 50. Bf5 1-0


[Site "https://www.chess.com"]

[Event "Titled Tuesday Blitz March 08 Early 2022"]
[White "Jaskolka, Tomasz"]
[Black "Abdyzhapar, Asylbek"]
[WhiteFideId "1170791"]
[BlackFideId "13800337"]
[WhiteElo "2073"]
[BlackElo "2331"]
[Result "0-1"]
[Round "02"]
[TimeControl "180+1"]
[Date "2022.03.09"]
[WhiteClock "0:00:06"]
[BlackClock "0:00:35"]

1. d4 d5 2. Bf4 Nf6 3. e3 e6 4. c3 Bd6 5. Bg3 O-O 6. Nd2 c5 7. Ngf3 Qc7 8. Bd3 Nbd7 9. Qe2 e5 10. dxe5 Nxe5 11. Nxe5 Bxe5 12. Bxe5 Qxe5 13. Nf3 Qe7 14. h3 Re8 15. O-O Be6 16. Rfd1 h6 17. c4 a6 18. b3 Rad8 19. Rac1 Bd7 20. cxd5 Nxd5 21. Bxa6 Bc6 22. Bc4 b6 23. a4 Qf6 24. Rd3 Nf4 25. Qd1 Nxh3+ 26. gxh3 Bxf3 27. Qf1 Qg6+ 28. Kh2 Rxd3 29. Bxd3 Qd6+ 30. Kg1 Re5 31. h4 Rh5 32. Qh3 Qxd3 33. Qxf3 Rxh4 34. Rd1 Qg6+ 35. Kf1 Rg4 36. Ke2 Kh7 37. Rd2 Rb4 38. Qd5 Qg4+ 39. Kf1 Qh3+ 40. Ke2 Qg4+ 41. Kf1 f5 42. Qf7 c4 43. Rd8 Rxb3 44. Qg8+ Kg6 45. Qe8+ Kg5 46. Qe7+ Kh5 47. Qf7+ g6 48. Ke1 Rb1+ 49. Kd2 Rd1+ 50. Kc3 Rxd8 51. Qe7 Rd3+ 52. Kb4 c3+ 53. Kb3 c2+ 54. Kxc2 Qc4+ 55. Kb2 Rb3+ 56. Ka2 Qc2+ 57. Ka1 Rb1# 0-1


[Site "https://www.chess.com"]

[Event "Titled Tuesday Blitz March 08 Early 2022"]
[White "Jobava, Baadur"]
[Black "Gabdrakhmanov, Azat"]
[WhiteFideId "13601520"]
[BlackFideId "34189197"]
[WhiteElo "2617"]
[BlackElo "2279"]
[Result "1-0"]
[Round "02"]
[TimeControl "180+1"]
[Date "2022.03.08"]
[WhiteClock "0:00:31"]
[BlackClock "0:00:12"]

1. e4 c5 2. Nf3 e6 3. c4 Nc6 4. Nc3 Nf6 5. Be2 d6 6. d4 cxd4 7. Nxd4 Be7 8. Be3 O-O 9. O-O Bd7 10. Nb3 a6 11. a4 Rc8 12. a5 Ne5 13. Nd2 Qc7 14. f4 Ng6 15. Kh1 Rfe8 16. g4 h6 17. Bf3 e5 18. f5 Nf4 19. h4 Nh7 20. Qe1 Qd8 21. g5 hxg5 22. Bb6 Rc7 23. h5 Qb8 24. Bxc7 Qxc7 25. Rg1 Qc5 26. b3 Bd8 27. Qg3 Qd4 28. Ndb1 Bc6 29. Ra2 Qc5 30. Nd5 Bxd5 31. cxd5 Bxa5 32. Rd1 Bb6 33. Nd2 Rc8 34. Nc4 Bd8 35. Qg1 b5 36. Qxc5 Rxc5 37. Nxd6 Nf6 38. Rxa6 Be7 39. Ra8+ Kh7 40. Nxf7 N6xh5 41. Rh8# 1-0


[Site "https://www.chess.com"]

[Event "Titled Tuesday Blitz March 08 Early 2022"]
[White "Kadam, Om Manish"]
[Black "Demchenko, Anton"]
[WhiteFideId "45076294"]
[BlackFideId "4160258"]
[WhiteElo "1729"]
[BlackElo "2539"]
[Result "0-1"]
[Round "02"]
[TimeControl "180+1"]
[Date "2022.03.08"]
[WhiteClock "0:00:16"]
[BlackClock "0:00:04"]

1. e4 e5 2. Nf3 Nc6 3. Bc4 Nf6 4. d3 h6 5. c3 d6 6. Nbd2 g6 7. d4 Bg7 8. dxe5 Nxe5 9. Nxe5 dxe5 10. Qe2 O-O 11. O-O Nh5 12. Nf3 Qe7 13. Rd1 Kh8 14. Be3 b6 15. Bd5 Rb8 16. a4 a5 17. Ne1 Bd7 18. Bc4 Bc6 19. Bd5 Bxd5 20. Rxd5 Nf6 21. Rdd1 Nxe4 22. Bxh6 Bxh6 23. Qxe4 Rbd8 24. Nf3 Bg7 25. h3 f5 26. Qc6 e4 27. Nd4 Rd6 28. Qc4 Rfd8 29. Rdc1 Qd7 30. Ne2 Be5 31. b4 axb4 32. cxb4 Bxa1 33. Rxa1 Rd1+ 34. Rxd1 Qxd1+ 35. Kh2 Qd3 36. Qf7 Qd6+ 37. g3 Rd7 38. Qe8+ Kg7 39. Nf4 Re7 40. Qc8 e3 41. fxe3 Rxe3 42. h4 Re7 43. Kh3 Qd7 44. Qa8 Qd1 45. Qc6 Qd6 46. Qc3+ Kh7 47. Qc2 Qe5 48. Qc6 Qe4 49. Qxg6+ Kh8 50. Qh6+ Kg8 51. Qg5+ Rg7 52. Qd8+ Kh7 53. Qd1 Kg8 54. Qd8+ Kh7 55. Qd1 Kh8 56. Qh5+ Rh7 57. Qd1 Rf7 58. Qh5+ Kg7 59. Qd1 Kg8 60. h5 c6 61. h6 Rd7 62. Qa1 Kh7 63. Nh5 Qg4+ 64. Kg2 Qxh5 65. Qb2 Qg6 66. Qe5 Rf7 67. Qb8 f4 0-1


[Site "https://www.chess.com"]

[Event "Titled Tuesday Blitz March 08 Early 2022"]
[White "Kamara, Ansumana"]
[Black "Havanecz, Bianka"]
[WhiteFideId "1622218"]
[BlackFideId "704814"]
[WhiteElo "1935"]
[BlackElo "2381"]
[Result "0-1"]
[Round "02"]
[TimeControl "180+1"]
[Date "2022.03.09"]
[WhiteClock "0:00:57"]
[BlackClock "0:02:02"]

1. e4 c6 2. d4 d5 3. Nc3 dxe4 4. Nxe4 Nf6 5. Nxf6+ exf6 6. Nf3 Bd6 7. Be2 O-O 8. O-O Re8 9. c3 Nd7 10. h3 Nf8 11. Bd3 Be6 12. Be3 Qd7 13. Nh2 Bxh3 14. gxh3 Qxh3 15. Nf3 Ng6 16. Bxg6 hxg6 17. Re1 Re4 18. Nd2 Rg4+ 19. Qxg4 Qxg4+ 20. Kf1 f5 21. Nc4 Bc7 22. Ne5 Bxe5 23. dxe5 f4 24. Bd4 f3 25. Red1 Rd8 26. Ke1 c5 27. Rd3 cxd4 28. cxd4 Qg1+ 29. Kd2 Qxa1 30. Rxf3 Qxb2+ 31. Ke3 Qxd4+ 32. Ke2 Qd1+ 33. Ke3 Rd3+ 34. Kf4 Qxf3+ 35. Kg5 Qf5+ 36. Kh4 Rh3# 0-1


[Site "https://www.chess.com"]

[Event "Titled Tuesday Blitz March 08 Early 2022"]
[White "Kamsky, Gata"]
[Black "Vifleemskaia, Svetlana"]
[WhiteFideId "2000024"]
[BlackFideId "4129490"]
[WhiteElo "2645"]
[BlackElo "1901"]
[Result "1-0"]
[Round "02"]
[TimeControl "180+1"]
[Date "2022.03.09"]
[WhiteClock "0:00:31"]
[BlackClock "0:00:01"]

1. e4 e5 2. Nf3 Nc6 3. Bb5 a6 4. Ba4 Nf6 5. O-O Be7 6. Re1 b5 7. Bb3 d6 8. c3 O-O 9. d4 Bg4 10. d5 Na5 11. Bc2 c6 12. h3 Bh5 13. dxc6 Nxc6 14. Nbd2 Qc7 15. Nf1 Rfd8 16. Ng3 Bg6 17. Nh4 d5 18. Nxg6 hxg6 19. exd5 Nxd5 20. Qf3 Nf6 21. Be3 Rac8 22. Rad1 Rxd1 23. Rxd1 Rd8 24. Ne4 Rxd1+ 25. Qxd1 Qd8 26. Qxd8+ Nxd8 27. Nxf6+ gxf6 28. a4 f5 29. axb5 axb5 30. b4 Nb7 31. Bd3 Nd6 32. Bc5 e4 33. Be2 Kf8 34. g3 Ke8 35. Kf1 Kd7 36. Ke1 Bf6 37. Kd2 Nc4+ 38. Kc2 Kc6 39. Bf8 Nb6 40. Bh6 Nd5 41. Bd2 Be5 42. h4 Nb6 43. Kb3 Nd5 44. h5 gxh5 45. Bxh5 f6 46. Be8+ Kb6 47. Bg6 Ne7 48. Bf7 Kc6 49. Be8+ Kb6 50. Be3+ Kc7 51. Bxb5 Nd5 52. Bd2 e3 53. fxe3 Bxg3 54. c4 Ne7 55. c5 Be5 56. Be2 Nd5 57. Kc4 Ne7 58. b5 Ng6 59. b6+ 1-0


[Site "https://www.chess.com"]

[Event "Titled Tuesday Blitz March 08 Early 2022"]
[White "Kanyamarala, Tarun"]
[Black "Malicka, Maria"]
[WhiteFideId "45004714"]
[BlackFideId "1197576"]
[WhiteElo "2075"]
[BlackElo "1822"]
[Result "1-0"]
[Round "02"]
[TimeControl "180+1"]
[Date "2022.03.09"]
[WhiteClock "0:02:25"]
[BlackClock "0:02:13"]

1. d4 Nf6 2. Nf3 g6 3. Bg5 Bg7 4. Nbd2 d5 5. e3 O-O 6. c3 c5 7. Be2 Nc6 8. O-O cxd4 9. exd4 Qc7 10. Bh4 Nh5 11. Re1 Rb8 12. Bf1 b5 13. b4 a5 14. a3 axb4 15. axb4 Bf5 16. Nb3 Nf6 17. Bg3 Qd7 1-0


[Site "https://www.chess.com"]

[Event "Titled Tuesday Blitz March 08 Early 2022"]
[White "Karolczuk, Iwo"]
[Black "Karas, Marek"]
[WhiteFideId "21816972"]
[BlackFideId "14928558"]
[WhiteElo "2243"]
[BlackElo "2271"]
[Result "1-0"]
[Round "02"]
[TimeControl "180+1"]
[Date "2022.03.09"]
[WhiteClock "0:01:34"]
[BlackClock "0:01:25"]

1. Nf3 Nf6 2. g3 d5 3. Bg2 c6 4. b3 Bf5 5. Bb2 e6 6. d3 h6 7. Nbd2 Bh7 8. O-O Nbd7 9. Qe1 Be7 10. Rd1 O-O 11. e4 dxe4 12. dxe4 Qc7 13. e5 Nd5 14. Ne4 Bxe4 15. Qxe4 Nc5 16. Qe2 Rad8 17. Nd4 Qa5 18. a3 Nc3 19. Qe1 Nxd1 20. Qxa5 Nxb2 21. Qc3 Nba4 22. bxa4 Nxa4 23. Qa1 Bc5 24. Nb3 Bb6 25. Be4 Rd7 26. Bd3 Rfd8 27. Kg2 Rd5 28. Qe1 Nb2 29. Nc1 Na4 30. Qe4 g6 31. Qxa4 1-0


[Site "https://www.chess.com"]

[Event "Titled Tuesday Blitz March 08 Early 2022"]
[White "Khismatullin, Denis"]
[Black "Liyanage, Ranindu Dilshan"]
[WhiteFideId "4142578"]
[BlackFideId "9915834"]
[WhiteElo "2543"]
[BlackElo "1858"]
[Result "1/2-1/2"]
[Round "02"]
[TimeControl "180+1"]
[Date "2022.03.08"]
[WhiteClock "0:00:19"]
[BlackClock "0:00:05"]

1. Nf3 Nf6 2. c4 e6 3. Nc3 d5 4. e3 dxc4 5. Bxc4 c5 6. b3 a6 7. Bb2 b5 8. Be2 Bb7 9. a4 b4 10. Nb1 Nbd7 11. d3 Bd6 12. Nbd2 O-O 13. O-O Qb8 14. Qc2 Rc8 15. Rfd1 Nd5 16. Ne4 Be7 17. Rac1 h6 18. Qb1 f5 19. Ned2 Bf6 20. d4 cxd4 21. Nxd4 Nc3 22. Bxc3 bxc3 23. Nc4 Be4 24. Bd3 Nc5 25. Bxe4 Nxe4 26. Nxe6 Rxc4 27. f3 Rc6 28. Nf4 Nc5 29. b4 Ne6 30. Nd5 Qe5 31. Qb3 Kh8 32. Rd3 Rd8 33. Kf2 Rcd6 34. Rcd1 Nc7 35. Nxf6 Qxf6 36. Rxd6 Rxd6 37. Rxd6 Qxd6 38. Qxc3 Kh7 39. h4 Nd5 40. Qd4 Qc6 41. Qd3 Kg6 42. g4 Ne7 43. b5 axb5 44. axb5 Qc5 45. Kg3 Kf6 46. h5 fxg4 47. fxg4 Qe5+ 48. Kf3 Nd5 49. b6 Ke7 50. b7 Nf6 51. Qf5 Qxf5+ 52. gxf5 Nd7 53. Kf4 Kd6 54. e4 Nb8 55. e5+ Ke7 56. Ke4 Kd7 57. Kd5 Kc7 58. f6 gxf6 59. exf6 Kxb7 60. Ke6 Kc7 61. f7 Nd7 62. Ke7 Kc6 63. Ke6 Kc7 64. Ke7 Kc6 65. Ke6 Kc7 1/2-1/2


[Site "https://www.chess.com"]

[Event "Titled Tuesday Blitz March 08 Early 2022"]
[White "Kirillov, Dmitry"]
[Black "De Souza, Cristiano Gomes"]
[WhiteFideId "34180572"]
[BlackFideId "2151758"]
[WhiteElo "2076"]
[BlackElo "2068"]
[Result "1-0"]
[Round "02"]
[TimeControl "180+1"]
[Date "2022.03.09"]
[WhiteClock "0:00:14"]
[BlackClock "0:00:49"]

1. d4 Nf6 2. c4 g6 3. Nc3 Bg7 4. e4 d6 5. Nf3 O-O 6. Be2 e5 7. O-O Nc6 8. d5 Ne7 9. Ne1 Ne8 10. Nd3 f5 11. f3 a5 12. Be3 Nf6 13. c5 f4 14. Bf2 g5 15. cxd6 cxd6 16. Qb3 h5 17. Bb6 Qe8 18. Nb5 Qg6 19. Nxd6 g4 20. Nxc8 Raxc8 21. d6+ Kh7 22. dxe7 Rg8 23. Nxe5 Qg5 24. Nf7 Qg6 25. Nd6 gxf3 26. Bxf3 Ng4 27. e8=Q Rcxe8 28. Nxe8 Rxe8 29. Rad1 Be5 30. Rd7+ Kh6 31. Qf7 Qxb6+ 32. Kh1 Nf2+ 33. Rxf2 Qxf2 34. Qh7+ Kg5 35. Qf5+ Kh6 36. Rh7# 1-0


[Site "https://www.chess.com"]

[Event "Titled Tuesday Blitz March 08 Early 2022"]
[White "Kollars, Dmitrij"]
[Black "Sydoryka, Vladyslav"]
[WhiteFideId "12909572"]
[BlackFideId "14145928"]
[WhiteElo "2584"]
[BlackElo "2283"]
[Result "1-0"]
[Round "02"]
[TimeControl "180+1"]
[Date "2022.03.08"]
[WhiteClock "0:02:15"]
[BlackClock "0:01:59"]

1. Nf3 d5 2. d4 Nf6 3. c4 e6 4. Nc3 Bb4 5. Qa4+ Nc6 6. cxd5 exd5 7. Bg5 h6 8. Bxf6 Qxf6 9. e3 O-O 10. Bb5 Qg6 11. O-O Bxc3 12. bxc3 Bh3 13. Ne1 Ne7 14. Kh1 Bf5 15. Be2 c6 16. Qb4 Nc8 17. Qxb7 Nb6 18. Nf3 Qd6 19. Ne5 Rfc8 20. c4 c5 21. Qxf7+ 1-0


[Site "https://www.chess.com"]

[Event "Titled Tuesday Blitz March 08 Early 2022"]
[White "Komiagina, Maria"]
[Black "Berthier, Hugo"]
[WhiteFideId "4153987"]
[BlackFideId "655864"]
[WhiteElo "1945"]
[BlackElo "2193"]
[Result "1-0"]
[Round "02"]
[TimeControl "180+1"]
[Date "2022.03.09"]
[WhiteClock "0:02:01"]
[BlackClock "0:01:17"]

1. e4 c5 2. Nf3 d6 3. d4 cxd4 4. Nxd4 Nf6 5. Nc3 a6 6. h3 e6 7. Be3 Be7 8. g4 Qc7 9. Bg2 Nc6 10. O-O Rb8 11. a4 Bd7 12. g5 Ng8 13. h4 h6 14. g6 Bxh4 15. gxf7+ Kxf7 16. Qh5+ g6 17. Qxh4 Nf6 18. Nxc6 bxc6 19. f4 Rxb2 20. e5 Nd5 21. Nxd5 exd5 22. Qf6+ Kg8 23. e6 Rb8 24. Bd4 1-0


[Site "https://www.chess.com"]

[Event "Titled Tuesday Blitz March 08 Early 2022"]
[White "Korkmaz, Necmettin"]
[Black "Kett, Tim"]
[WhiteFideId "6303285"]
[BlackFideId "1801210"]
[WhiteElo "2094"]
[BlackElo "2098"]
[Result "0-1"]
[Round "02"]
[TimeControl "180+1"]
[Date "2022.03.09"]
[WhiteClock "0:00:15"]
[BlackClock "0:00:32"]

1. e4 e5 2. Nf3 Nc6 3. Bc4 Nf6 4. Ng5 d5 5. exd5 Na5 6. Bb5+ c6 7. dxc6 bxc6 8. Be2 h6 9. Nf3 e4 10. Ne5 Bd6 11. d4 O-O 12. O-O Qc7 13. Bf4 c5 14. Nc3 a6 15. Bg3 Rb8 16. Rb1 cxd4 17. Qxd4 Rb4 18. Qd2 Bxe5 19. Nb5 axb5 20. Qxb4 Bxg3 21. hxg3 Nc4 22. Qxb5 Nd2 23. c4 Nxb1 24. Rxb1 e3 25. f4 Bg4 26. c5 Bxe2 27. Qxe2 Qxc5 28. b4 Qc3 29. Rb3 Qc1+ 30. Kh2 h5 31. g4 Nxg4+ 32. Kg3 Rd8 33. b5 Rd2 0-1


[Site "https://www.chess.com"]